 Dungeon Crawl Stone Soup version 0.26.0-10-g1f06aea511 (webtiles) character file.

Game seed: 586267075951429285

101 dohliylev the Covered (level 4, 0/29 HPs)
             Began as a Gargoyle Fighter on Jan 17, 2021.
             Killed from afar by Natasha (5 damage)
             ... with a puff of flame
             ... on level 2 of the Dungeon.
             The game lasted 00:03:04 (1653 turns).

dohliylev the Covered (Gargoyle Fighter)            Turns: 1653, Time: 00:03:05

Health: 0/29       AC: 11    Str: 20    XL:     4   Next: 75%
Magic:  4/4        EV:  7    Int:  9    God:
Gold:   94         SH:  9    Dex:  9    Spells: 3/3 levels left

rFire    . . .     SeeInvis .   a - +0 flail
rCold    . . .     Faith    .   c - +0 kite shield
rNeg     + . .     Spirit   .   b - +0 scale mail
rPois    ∞         Reflect  .   j - +0 helmet
rElec    +         Harm     .   (no cloak)
rCorr    .         Rampage  .   (no gloves)
Will     .....                  (no boots)
Stlth    ..........             (no amulet)
HPRegen  0.09/turn              (no ring)
MPRegen  0.09/turn              (no ring)

@: no status effects
A: negative energy resistance 1, electricity resistance, unbreathing,
petrification resistance, miasma immunity, AC +3
a: no special abilities


You were on level 2 of the Dungeon.
You visited 1 branch of the dungeon, and saw 2 of its levels.

You collected 94 gold pieces.

Inventory:

Hand Weapons
 a - a +0 flail (weapon)
Armour
 b - a +0 scale mail (worn)
 c - a +0 kite shield (worn)
 j - a +0 helmet (worn)
Jewellery
 k - an uncursed ring of willpower {unknown}
Scrolls
 i - a scroll of remove curse {unknown}
Potions
 d - 2 potions of might
 e - a potion of ambrosia {unknown}
 f - 2 potions of haste
 g - a potion of cancellation {unknown}
 l - a potion of heal wounds {unknown}


   Skills:
 + Level 3.7 Fighting
 + Level 3.1 Maces & Flails
 - Level 4.0 Armour
 + Level 0.5 Dodging
 - Level 4.0 Shields


You had 3 spell levels left.
You didn't know any spells.
Your spell library was empty.

Dungeon Overview and Level Annotations

Branches:
Dungeon (2/15)

Altars:

Annotations:
D:2 Natasha


Innate Abilities, Weirdness & Mutations

You are resistant to torment.
Your stone body is resilient. (AC +3)
You are immune to poison.
You resist negative energy. (rN+)
You are resistant to electric shocks. (rElec)
You can survive without breathing.
You are immune to petrification.
You are immune to miasma.


Message History

You see here a lumpy cyan potion.
l - a lumpy cyan potion Natasha zaps a wand.
The puff of flame hits you.
* * * LOW HITPOINT WARNING * * *
Natasha casts a spell at you.
The magic dart hits you but does no damage.
Blink to where?
Press: ? - help, Dir - move target
As you read the scroll labelled IFUYBL QICA, it crumbles to dust.
It was a scroll of blinking.
The goblin unwields a +0 club.
The goblin wields a +0 hunting sling.
The goblin shoots a stone.
You block the stone.
You see here a stone.
Natasha casts a spell.
Natasha zaps a wand.
The puff of flame hits you.
* * * LOW HITPOINT WARNING * * *
Natasha howls an incantation.
Natasha shimmers violently.
Natasha zaps a wand.
The puff of flame hits you.
You die...

.#....... #.#
.'....... #.#
.#....... #.#
.#.......
########### #.#
.#...g...
#....h.g..# #.#
.#.......
#h#######(##.#.#
.#.......
#.#.g........#.#
##.g..g..
#.#.#####.##.#.# #
....... #@# #.#
#.# # #.# #.# #.#
# #.#.# #.# #.# #
#.#.# #.# #.#
#.#.# #.# #.#
#.#.# #.# #.# .
#.#.# #.# #.# . ..
..#.# #.# #.# #
...#######.#####†#
#.#


You could see Natasha (fast).

Vanquished Creatures
  Natasha (D:2)
  Robin (D:2)
  A howler monkey skeleton (D:2)
  An ooze (D:1)
  2 dart slugs
  10 goblins
  5 hobgoblins
  6 jackals
  3 bats
  4 frilled lizards
  5 kobolds
  5 rats
44 creatures vanquished.

Notes
Turn   | Place    | Note
-------+----------+-------------------------------------------
     0 | D:1      | dohliylev the Gargoyle Fighter began the quest for the Orb.
     0 | D:1      | Reached XP level 1. HP: 14/14 MP: 1/1
   454 | D:1      | Reached XP level 2. HP: 15/19 MP: 2/2
   974 | D:1      | Reached XP level 3. HP: 23/23 MP: 3/3
  1433 | D:2      | Noticed Robin
  1456 | D:2      | Reached XP level 4. HP: 26/28 MP: 4/4
  1464 | D:2      | Killed Robin
  1560 | D:2      | Noticed Natasha
  1585 | D:2      | Killed Natasha
  1633 | D:2      | Noticed Natasha
  1653 | D:2      | Killed from afar by Natasha

Illustrated notes

Levels and vault maps discovered:
D:1:      dpeg_arrival_simpleton_c, layout_loops_corners, chequers_jeans,
          minmay_pentomino_t4
D:2:      layout_basic, marbit_many_paths, eat_drink_and_be_merry_uskayaw,
          minmay_fractal_squares_5, uniq_natasha, uniq_robin

Skill      XL: |  1  2  3  4 |
---------------+-------------+-----
Armour         | 4 |  4.0
Maces & Flails | 3 |  3.1
Shields        | 4 |  4.0
Fighting       | |  3.7
Dodging        | |  0.5

Action                   |  1- 3 |  4- 6 || total
-------------------------+-------+-------++-------
Melee: Flail             |   130 |    31 ||   161
  Use: Scroll            |       |     1 ||     1
Armor: Scale mail        |    60 |    22 ||    82
Dodge: Dodged            |    44 |    13 ||    57
Block: Kite shield       |    73 |    15 ||    88
